 Dungeon Crawl Stone Soup version 0.20.1-1-g8b1a95d (webtiles) character file.

343 Monsterracer the Poker (level 6, 0/50 HPs)
             Began as a Demigod Skald on Oct 29, 2017.
             Slain by an adder (2 damage)
             ... on level 3 of the Dungeon.
             The game lasted 00:05:31 (2802 turns).

Monsterracer the Poker (Demigod Skald)              Turns: 2802, Time: 00:05:31

Health: 0/50       AC:  4    Str: 18    XL:     6   Next: 9%
Magic:  0/12       EV: 13    Int: 17    God:
Gold:   127        SH:  0    Dex: 15    Spells: 2/10 levels left

rFire    . . .     SeeInvis .   a - +1 halberd (flame)
rCold    . . .     Gourm    .   (shield currently unavailable)
rNeg     . . .     Faith    .   b - +0 leather armour
rPois    .         Spirit   .   (no helmet)
rElec    .         Reflect  .   (no cloak)
rCorr    .         Harm     .   (no gloves)
MR       .....                  n - +0 pair of boots
Stlth    +.........             (no amulet)
Regen    0.2/turn               (no ring)
MPRegen  0.2/turn               (no ring)

@: infused (expiring), singing, very slightly contaminated
A: high mp 1
a: no special abilities


You were on level 3 of the Dungeon.
You were hungry.

You visited 1 branch of the dungeon, and saw 3 of its levels.

You collected 127 gold pieces.

Inventory:

Hand Weapons
 a - a +1 halberd of flaming (weapon)
 i - a +1 glaive of venom
Armour
 b - a +0 leather armour (worn)
 n - a +0 pair of boots (worn)
Jewellery
 m - a cursed amulet of inaccuracy {unknown}
Scrolls
 o - a scroll of blinking {unknown}
Potions
 e - 2 potions of curing {unknown}
 f - 2 potions of invisibility {unknown}
 g - 3 potions of flight
 h - 2 potions of mutation {unknown}
 j - 2 potions of resistance {unknown}
 k - a potion of magic {unknown}
 l - a potion of haste {unknown}
Books
 c - a book of Battle

   Spells                             Type                      Level
   a - Infusion                       Charms                       1
   b - Shroud of Golubria             Charms/Translocation         2
   c - Song of Slaying                Charms                       2
   d - Spectral Weapon                Hexes/Charms                 3
   e - Regeneration                   Charms/Necromancy            3
Comestibles
 d - 4 bread rations
 p - a meat ration


   Skills:
 + Level 2.9 Fighting
 * Level 3.7 Polearms
 - Level 0.8 Armour
 + Level 3.1 Dodging
 - Level 2.6 Spellcasting
 + Level 3.6 Charms


You had 2 spell levels left.
You knew the following spells:

 Your Spells              Type           Power        Failure   Level  Hunger
a - Infusion              Chrm           ##..         4%          1    #......
b - Shroud of Golubria    Chrm/Tloc      #.........   16%         2    ##.....
d - Spectral Weapon       Hex/Chrm       #.......     30%         3    ###....
h - Song of Slaying       Chrm           ##......     8%          2    ##.....


Dungeon Overview and Level Annotations

Branches:
Dungeon (3/15)


Innate Abilities, Weirdness & Mutations

You have an increased reservoir of magic. (+10% MP)


Message History

The orc wizard casts a spell at you. You resist with some effort.
An orc wizard comes into view. It is wielding a dagger.
The orc wizard casts a spell at you. You resist with some effort.
An orc comes into view.
Cast which spell? (? or * to list)
You miscast Shroud of Golubria.
You are very lightly contaminated with residual magic.
Nothing appears to happen.
The orc shouts!
The orc wizard shouts!
An orc comes into view. It is wielding a club.
You now have 9/11 mp.
Casting: Shroud of Golubria
Confirm with . or Enter, or press ? or * to list all spells.
You begin infusing your attacks with magical energy.
You now have 8/11 mp.
Casting: Infusion
Confirm with . or Enter, or press ? or * to list all spells.
You start singing a song of slaying.
You now have 6/11 mp.
Attack whom?
Press: ? - help, Dir - move target cursor, f - orc
Aim: an orc You reach to attack!
You hit the orc. You burn the orc.
The orc is severely wounded.
The orc wizard casts a spell at you. The magic dart hits you!
You take 7 damage, and have 37/44 hp.
You now have 5/11 mp.
Attack whom?
Press: ? - help, Dir - move target cursor, f/p - orc
Aim: an orc (severely wounded)
You reach to attack!
You slash the orc!! You burn the orc.
You kill the orc!
The orc wizard barely misses you.
You now have 4/11 mp.
You are feeling hungry.
You barely miss the orc wizard.
The orc wizard hits you but does no damage.
The orc wizard gestures at you while chanting.
The magic dart hits you! The orc wizard barely misses you.
The orc barely misses you.
You take 8 damage, and have 29/44 hp.
You closely miss the orc. The orc wizard closely misses you.
The orc wizard hits you with a dagger. The orc hits you with a club.
You take 4 damage, and have 25/44 hp.
You slash the orc! You burn the orc.
You kill the orc!
The orc wizard casts a spell at you. The magic dart hits you!
* * * LOW HITPOINT WARNING * * *
The orc wizard casts a spell at you. You resist with some effort.
The orc wizard hits you but does no damage.
You take 7 damage, and have 18/44 hp.
You now have 4/11 mp.
Unknown command.
You hit the orc wizard. You burn the orc wizard.
The orc wizard is moderately wounded.
The orc wizard points at you and mumbles some strange words.
The puff of flame hits you!
* * * LOW HITPOINT WARNING * * *
The orc wizard hits you with a dagger.
* * * LOW HITPOINT WARNING * * *
The orc wizard closely misses you.
You take 9 damage, and have 9/44 hp.
MASSIVE DAMAGE!!
You now have 3/11 mp.
Unknown command.
You closely miss the orc wizard.
The orc wizard is moderately wounded.
The orc wizard casts a spell.
The orc wizard seems to speed up.
The orc wizard barely misses you.
You slash the orc wizard! You burn the orc wizard.
You kill the orc wizard!
You have reached level 6!
Your experience leads to a dramatic increase in your attributes!
Increase (S)trength, (I)ntelligence, or (D)exterity?
You feel stronger. x2
The orc wizard hits you but does no damage.
You now have 2/12 mp.
You hit the orc wizard! You burn the orc wizard.
The orc wizard is almost dead.
Your magical infusion is running out.
The orc wizard gestures at you while chanting.
The puff of flame hits you!
* * * LOW HITPOINT WARNING * * *
The orc wizard hits you with a dagger.
* * * LOW HITPOINT WARNING * * *
You take 9 damage, and have 1/50 hp.
You now have 1/12 mp.
You puncture the orc wizard! You burn the orc wizard.
You kill the orc wizard!
You hear an angry hiss.
An adder comes into view.
Things that are here:
a dagger; a robe; a scroll labeled WAUWUN WAAQO Attack whom?
Press: ? - help, Dir - move target cursor, f - adder
Aim: an adder You reach to attack!
You hit the adder! You burn the adder.
The adder is almost dead.
The adder bites you.
You die...

..........†).......
.......(...........
...................
..#####...........
##....######
#....#####
#..(......
#)))###### #.@.#
#.S.# #...# #....
####.. ... ....
.....


You could see an adder.

Vanquished Creatures
  Sigmund (D:2)
  2 orc wizards (D:3)
  A gnoll (D:1)
  5 adders
  An ooze (D:1)
  A worm (D:2)
  A dart slug (D:1)
  2 leopard geckos (D:1)
  3 orcs (D:3)
  2 ball pythons
  6 bats
  4 giant cockroaches
  3 hobgoblins
  9 kobolds
  4 frilled lizards
  11 goblins
  4 rats
60 creatures vanquished.

Notes
Turn   | Place    | Note
-------+----------+-------------------------------------------
     0 | D:1      | Monsterracer the Demigod Skald began the quest for the Orb.
     0 | D:1      | Reached XP level 1. HP: 17/17 MP: 5/5
    93 | D:1      | HP: 8/17 [kobold/short sword (5)]
   506 | D:1      | Reached XP level 2. HP: 24/24 MP: 5/7
   510 | D:1      | Learned a level 2 spell: Song of Slaying
   675 | D:1      | HP: 12/24 [gnoll/halberd of flaming (12)]
  1218 | D:1      | Reached XP level 3. HP: 27/29 MP: 4/8
  1523 | D:2      | Noticed Sigmund
  1634 | D:1      | Learned a level 2 spell: Shroud of Golubria
  1644 | D:2      | Killed Sigmund
  1644 | D:2      | Reached XP level 4. HP: 22/37 MP: 3/10
  1644 | D:2      | Reached XP level 5. HP: 25/42 MP: 3/11
  2730 | D:2      | Learned a level 3 spell: Spectral Weapon
  2794 | D:3      | HP: 18/44 [orc wizard/magic dart (7)]
  2797 | D:3      | Reached XP level 6. HP: 10/50 MP: 2/12
  2798 | D:3      | HP: 2/50 [orc wizard/puff of flame (8)]
  2802 | D:3      | Slain by an adder

Skill      XL: |  1  2  3  4  5 |
---------------+----------------+-----
Polearms       | 2 3 |  3.7
Dodging        | 2 3 |  3.1
Fighting       | 2 |  2.9
Charms         | 3 |  3.6
Spellcasting   | 2 |  2.6
Armour         | |  0.8

Action                   |  1- 3 |  4- 6 || total
-------------------------+-------+-------++-------
Melee: Spear             |    43 |       ||    43
       Halberd           |    30 |    84 ||   114
 Cast: Infusion          |    10 |     2 ||    12
       Shroud of Golubri |     1 |       ||     1
       Song of Slaying   |       |     2 ||     2
  Use: Scroll            |     1 |     2 ||     3
 Stab: Sleeping          |     4 |       ||     4
  Eat: Chunk             |     2 |     4 ||     6
Armor: Leather armour    |    10 |    16 ||    26
Dodge: Dodged            |    44 |    53 ||    97

Vault maps used:
D:1:      lemuel_arrival_room
D:2:      kennysheep_the_goblin_king, uniq_sigmund
D:3:      zin_purify, first_bread, fedhas_altar_1
